 Dungeon Crawl Stone Soup version 0.27.0-1-g7a089689b8 (webtiles) character file.

Game seed: 15632575152484993601

263674 ketsa the Severer (level 19, -1/243 HPs)
             Began as a Palentonga Berserker on Aug 6, 2021.
             Was an Elder of Trog.
             Slain by an ironbound frostheart (9 damage)
             ... on level 3 of the Vaults.
             The game lasted 04:16:25 (56169 turns).

ketsa the Severer (Palentonga Berserker)           Turns: 56169, Time: 04:16:25

Health: -1/243     AC: 34    Str: 22    XL:     19   Next: 63%
Magic:  28/28      EV: 15    Int:  9    God:    Trog [****..]
Gold:   2586       SH:  0    Dex: 19    Spells: 18/18 levels left

rFire    + . .     SeeInvis +   n - +7 battleaxe (flame)
rCold    + . .     Faith    .   (shield currently unavailable)
rNeg     + . .     Spirit   .   K - +0 swamp dragon scales
rPois    +         Reflect  .   J - +1 helmet
rElec    +         Harm     .   l - scarf {rC+ rF+}
rCorr    .         Rampage  .   H - +0 pair of gloves
Will     +++..                  e - +2 barding of the Vaults {rElec Regen+ MP+9 Dex+4}
Stlth    ..........             (no amulet)
HPRegen  2.50/turn              y - ring of positive energy
MPRegen  0.21/turn              I - +4 ring of slaying

@: berserking, strong-willed, regenerating, curled up, very quick
A: large, rugged brown scales 3, see invisible, deformed body, roll 1, armoured
tail, reflexive curl, iridescent scales 1, noise suppression
}: 1/15 runes: decaying
a: Rolling Charge, Renounce Religion, Berserk, Trog's Hand, Brothers in Arms


You were on level 3 of the Vaults.
You worshipped Trog.
Trog was greatly pleased with you.
You visited 11 branches of the dungeon, and saw 37 of its levels.
You also visited: Sewer, Gauntlet and Ice Cave.

You collected 3310 gold pieces.
You spent 724 gold pieces at shops.

Inventory:

Hand Weapons
 n - a +7 battleaxe of flaming (weapon)
 v - a +3 vorpal broad axe
 w - the +6 dire flail of Conscience {flame, rN+ Stlth+}
   (Trog gifted it to you on level 6 of the Lair of Beasts)

   It burns those it strikes, dealing additional fire damage.
   rN:        It protects you from negative energy.
   Stlth:     It makes you more stealthy.
Missiles
 h - 7 throwing nets
 Q - 8 boomerangs
Armour
 e - the +2 barding of the Vaults (worn) {rElec Regen+ MP+9 Dex+4}
   (You acquired it on level 2 of the Vaults)

   Dex:       It affects your dexterity (+4).
   rElec:     It insulates you from electricity.
   MP:        It affects your magic capacity (+9).
   Regen:     It increases your rate of health regeneration.
 g - a +2 buckler of protection
 l - a scarf of resistance (worn)
 s - the +2 pair of gloves of Space {rC- Will+++ Int-3 SInv}
   (You found it in a Gauntlet)

   Int:       It affects your intelligence (-3).
   rC:        It makes you vulnerable to cold.
   SInv:      It lets you see invisible.
   Will:      It greatly increases your willpower.
 u - a +0 scale mail of cold resistance
 H - a +0 pair of gloves (worn)
 J - a +1 helmet (worn)
 K - +0 swamp dragon scales (worn)
Jewellery
 a - an amulet of reflection
 y - a ring of positive energy (left hand)
 B - an amulet of the acrobat
 D - the amulet of Zevemol {Faith rCorr Dex+3}
   (You acquired it on level 2 of the Lair of Beasts)

   [amulet of faith]

   It allows you to gain divine favour quickly.
   Dex:       It affects your dexterity (+3).
   rCorr:     It protects you from acid and corrosion.
 I - a +4 ring of slaying (right hand)
 L - a ring of protection from fire
 M - the amulet "Sule" {Spirit Str+5 Slay+2}
   (You found it in a Gauntlet)

   [amulet of guardian spirit]

   It causes incoming damage to be divided between your reserves of health and
   magic.
   Str:       It affects your strength (+5).
   Slay:      It affects your accuracy & damage with ranged weapons and melee
   (+2).
 U - a ring of protection from cold
 Z - a +6 ring of dexterity
Wands
 b - a wand of paralysis (12)
 x - a wand of digging (34)
 F - a wand of charming (18)
 G - a wand of polymorph (21)
 R - a wand of flame (52)
 V - a wand of iceblast (24)
Scrolls
 d - 2 scrolls of silence
 f - 3 scrolls of fog
 j - 14 scrolls of teleportation
 p - 9 scrolls of enchant armour
 q - 5 scrolls of magic mapping
 t - 7 scrolls of identify
 C - 3 scrolls of torment
 N - 2 scrolls of holy word
 P - 3 scrolls of summoning
 T - a scroll of fear
 W - 6 scrolls of enchant weapon
Potions
 i - 3 potions of haste
 k - 15 potions of curing
 m - a potion of heal wounds
 o - 3 potions of flight
 r - 10 potions of lignification
 z - 3 potions of mutation
 E - a potion of might
 O - 7 potions of attraction
 X - a potion of cancellation
Miscellaneous
 A - a tin of tremorstones (2/2)
 S - a condenser vane
 Y - a phantom mirror


   Skills:
 - Level 14.0 Fighting
 + Level 17.9(18.2) Axes
 - Level 5.9(13.2) Maces & Flails
 - Level 6.0 Throwing
 + Level 16.8 Armour
 + Level 13.0 Dodging
 + Level 3.7 Shields
 - Level 10.4 Evocations


You had 18 spell levels left.
You didn't know any spells.
Your spell library contained the following spells:

 Spells                   Type           Power      Damage    Failure   Level
 Corona                   Hex            0%         N/A       50%         1
 Sting                    Tmut/Pois      0%         1d3       50%         1
 Call Imp                 Summ           0%         N/A       63%         2
 Ensorcelled Hibernation  Hex/Ice        0%         N/A       63%         2
 Poisonous Vapours        Pois/Air       0%         N/A       63%         2
 Conjure Flame            Conj/Fire      0%         6-21      86%         3
 Frozen Ramparts          Ice            0%         1d2       86%         3
 Ignite Poison            Fire/Tmut/Pois 0%         N/A       86%         3
 Mephitic Cloud           Conj/Pois/Air  0%         N/A       86%         3
 Portal Projectile        Hex/Tloc       0%         N/A       86%         3
 Summon Guardian Golem    Hex/Summ       0%         N/A       86%         3
 Tukima's Dance           Hex            0%         N/A       86%         3
 Cause Fear               Hex            0%         N/A       99%         4
 Hailstorm                Conj/Ice       0%         3d3       99%         4
 Ice Form                 Ice/Tmut       0%         N/A       99%         4
 Leda's Liquefaction      Hex/Erth       0%         N/A       99%         4
 Olgreb's Toxic Radiance  Pois           0%         N/A       99%         4
 Sticky Flame             Conj/Fire      0%         2d3       99%         4
 Blade Hands              Tmut           0%         N/A       100%        5
 Bolt of Magma            Conj/Fire/Erth 0%         4d4       100%        5
 Excruciating Wounds      Necr           0%         N/A       100%        5
 Summon Forest            Summ/Tloc      0%         N/A       100%        5
 Dispersal                Tloc           0%         N/A       100%        6
 Simulacrum               Ice/Necr       0%         N/A       100%        6
 Statue Form              Tmut/Erth      0%         N/A       100%        6
 Dragon Form              Tmut           0%         N/A       100%        7
 Disjunction              Tloc           0%         N/A       100%        8
 Dragon's Call            Summ           0%         N/A       100%        9


Dungeon Overview and Level Annotations

Branches:
Dungeon (15/15)            Temple (1/1) D:7            Lair (6/6) D:10
  Swamp (4/4) Lair:3       Spider (2/4) Lair:4        Slime (1/5) Lair:5
    Orc (2/2) D:9             Elf (1/3) Orc:2        Vaults (3/5) D:13
  Crypt (1/3) Vaults:2     Depths (1/5) D:15          Sewer (visited)
  IceCv (visited)         Gauntlet (visited)

Altars:
Cheibriados
Elyvilon
Fedhas
Hepliaklqana
Kikubaaqudgha
Makhleb
Nemelex Xobeh
Okawaru
Sif Muna
Trog
Wu Jian
Xom
Zin
The Shining One
Beogh
Jiyva
Lugonu

Shops:
D:1 [   D:3 *   D:13 *!??   Orc:2 !(?[*:   Vaults:1 [

Portals:
Abyss: D:4
Trove: D:14 (give +2 gold dragon scales)

Annotations:
D:8 exclusion: downstairs
Lair:4 exclusion: downstairs
Spider:2 Nikola
Vaults:1 8 runed translucent doors, Lolleill's ghost, adept DgTm
Vaults:2 8 runed translucent doors, exclusion: vault warden, casual's ghost, veteran MiMo


Innate Abilities, Weirdness & Mutations

You are completely covered in rugged brown scales. (AC +3, +7% HP)
You have supernaturally acute eyesight. (SInv)
Armour fits poorly on your strangely shaped body.
You can roll at nearby foes to attack.
You have a long armoured tail.
You curl defensively after being hit.
You are partially covered in iridescent scales. (AC +2)
You passively dampen the noise of your surroundings.


Message History

The ironbound frostheart freezes you! You resist.
* * * LOW HITPOINT WARNING * * *
The yaktaur captain shoots a bolt.
The bolt hits you but does no damage.
Okay, then.
Blink to where?
Press: ? - help, Dir - move target, p - yaktaur captain
As you read the scroll of blinking, it crumbles to dust.
Your skin crawls.
You feel strong-willed.
Your troll goes berserk!
Your troll rages.
Really remove
D - the amulet of Zevemol {Faith rCorr Dex+3}?
Your troll rages.
You start removing your amulet.
You continue taking off the amulet of Zevemol {Faith rCorr Dex+3}. x2
Your troll rages.
You continue taking off the amulet of Zevemol {Faith rCorr Dex+3}.
The ironbound frostheart touches you!
* * * LOW HITPOINT WARNING * * *
The ironbound frostheart freezes you! You resist.
* * * LOW HITPOINT WARNING * * *
You continue taking off the amulet of Zevemol {Faith rCorr Dex+3}.
The ironbound frostheart barely misses you.
You finish taking off the amulet of Zevemol {Faith rCorr Dex+3}.
Trog seems less interested in you.
You feel less pious. Trog will no longer gift you weapons.
A red film seems to cover your vision as you go berserk!
You feel yourself moving faster!
You feel mighty! The ironbound frostheart misses you.
The yaktaur captain unwields a +0 arbalest.
The yaktaur captain closely misses you.
You slice the ironbound frostheart!! You burn the ironbound frostheart!
The ironbound frostheart is heavily wounded.
You slice the yaktaur captain!! You burn the yaktaur captain.
You kill the yaktaur captain!
Trog accepts your kill. The ironbound frostheart touches you!!
* * * LOW HITPOINT WARNING * * *
The ironbound frostheart freezes you! You resist.
You die...

#########....#
#...#.$.c....#
#.#....p.....#
#....))......#
#.#..#.#.#...#
#....#########
#......#.....#
#)##.#...#.#.#
#T@p...#.....#
##########...#
#)#.# #.#.#
#...# ##..#
#...# #.#.#
#.#.#


You could see an ironbound frostheart (strong, ally target) and a friendly troll
(summoned, berserk).

Vanquished Creatures
  Boris (Vaults:2)
  Kirke (Swamp:2)
  2 sphinxes
  A fire giant (D:15)
  2 orc warlords
  An emperor scorpion (Spider:1)
  9 vault wardens
  15 ironbound preservers
  2 war gargoyles (Vaults:3)
  5 very ugly things (Vaults:2)
  A minotaur (Gauntlet)
  6 dire elephants
  2 bunyips
  An entropy weaver (Spider:1)
  4 eleionomae
  A fire dragon (D:13)
  2 shambling mangroves
  A great orb of eyes (Vaults:2)
  3 yaktaur captains
  Josephine (D:14)
  8 ironbound thunderhulks
  4 vault guards
  A boulder beetle (Vaults:2)
  22 hydras
  Harold (D:8)
  18 centaur warriors
  A ghost crab (Swamp:1)
  A catoblepas (Lair:5)
  5 ironbound frosthearts (Vaults:2)
  A merfolk avatar (Lair:6)
  An ogre mage (D:13)
  An anaconda (shapeshifter) (D:13)
  4 death yaks
  3 death knights
  A vampire mage (Vaults:2)
  7 alligators
  2 dancing weapons
  7 two-headed ogres
  4 ironbound beastmasters
  A spriggan berserker (Swamp:4)
  A fire crab (D:13)
  A wretched star (Gauntlet)
  5 skeletal warriors
  42 deep trolls
  11 swamp dragons
  3 goliath frogs
  4 spriggan druids
  2 sea snakes (Lair:6)
  9 bog bodies
  A phantasmal warrior (D:12)
  12 ironbound convokers
  2 wizards
  A glowing orange brain (shapeshifter) (D:13)
  9 harpies
  13 orc knights
  2 necromancers
  5 deep elf pyromancers
  6 orb spiders (Spider:1)
  2 lindwurms (Vaults:1)
  19 ugly things
  A wolf spider (Spider:1)
  4 oklob plants (Lair:3)
  2 will-o-the-wisps
  3 manticores
  A cyclops (D:14)
  2 orc sorcerers
  A human skeleton (Vaults:2)
  A moth of wrath (Spider:1)
  An ice statue (IceCv)
  Joseph (D:7)
  2 guardian serpents (D:14)
  12 elephants
  4 black mambas
  4 vault sentinels
  15 cane toads
  4 torpor snails (Lair:6)
  An efreet (D:14)
  Maggie (D:8)
  11 freezing wraiths
  A komodo dragon (shapeshifter) (D:13)
  10 yaktaurs
  3 anaconda simulacra (IceCv)
  11 ice devils
  A kobold demonologist (D:13)
  2 entropy weaver simulacra (IceCv)
  4 demonic crawlers
  3 rime drakes
  17 komodo dragons
  9 hornets
  9 jumping spiders (Spider:1)
  A wind drake (shapeshifter) (D:14)
  2 trolls
  29 slime creatures
  4 meliai
  8 tyrant leeches
  4 polar bears
  Prince Ribbit (D:5)
  17 blink frogs
  2 snapping turtles (Lair:6)
  38 redbacks
  A shadow (D:10)
  A spriggan (shapeshifter) (D:13)
  An ettin skeleton (Vaults:2)
  7 wyverns
  5 spriggans
  11 tarantellas
  66 yaks
  7 wraiths
  A large abomination (Gauntlet)
  2 hogs (Swamp:2)
  3 steam dragons
  10 basilisks
  11 vampire mosquitoes
  Menkaure (D:5)
  8 death yak simulacra
  6 wargs (Orc:2)
  A harpy simulacrum (IceCv)
  17 swamp worms
  A hydra simulacrum (Lair:5)
  2 acid dragons
  14 water moccasins
  Duvessa (D:5)
  5 swamp drakes
  36 orc warriors
  2 ice beasts
  3 black bears
  A sky beast (D:8)
  2 boggarts
  6 ogres
  5 small abominations (Gauntlet)
  An ettin simulacrum (Vaults:2)
  38 wolves
  A black mamba simulacrum (Lair:5)
  A necrophage (D:7)
  An elf simulacrum (Vaults:2)
  2 phantoms
  17 centaurs
  6 kobold brigands
  A gnoll sergeant (D:10)
  19 bullfrogs
  5 scorpions
  A two-headed ogre simulacrum (IceCv)
  5 cane toad simulacra
  Dowan (D:5)
  8 killer bees
  5 elephant simulacra (IceCv)
  4 wights (D:9)
  5 howler monkeys
  A torpor snail simulacrum (Lair:5)
  7 centaur zombies
  4 hounds
  A komodo dragon simulacrum (Lair:5)
  19 orc priests
  2 bullfrog skeletons
  A centaur skeleton (D:5)
  A gnoll shaman (D:7)
  8 iguanas
  19 orc wizards
  A scorpion zombie (D:5)
  Natasha (thrice) (D:3)
  A spriggan simulacrum (IceCv)
  3 polar bear simulacra (IceCv)
  A troll simulacrum (IceCv)
  A hound skeleton (D:4)
  11 gnolls
  2 naga simulacra (IceCv)
  8 adders
  A howler monkey skeleton (D:4)
  A river rat (D:9)
  A white imp (IceCv)
  An ufetubus (D:6)
  2 adder skeletons (D:4)
  A worm (D:5)
  A dart slug (D:4)
  71 orcs
  9 endoplasms
  9 giant cockroaches
  2 goblins
  4 hobgoblins
  15 jackals
  18 kobolds
  9 quokkas
  9 ball pythons
  3 bats
  10 frilled lizards
  A jackal skeleton (D:4)
  12 rats
1183 creatures vanquished.

Vanquished Creatures (collateral kills)
  Bai Suzhen (Vaults:2)
  A thorn hunter (Swamp:4)
  A quicksilver ooze (Gauntlet)
  An ironbound preserver (Vaults:2)
  The ghost of Thalamas the Severer, a journeyman MiBe of Trog (Lair:5)
  A bunyip (Swamp:1)
  A shambling mangrove (Swamp:4)
  A peacekeeper (Vaults:3)
  3 centaur warriors
  2 death yaks (Lair:2)
  An alligator (Swamp:4)
  2 goliath frogs (Swamp:1)
  5 deep trolls
  A wizard (Vaults:1)
  3 swamp dragons (Swamp:4)
  An ironbound convoker (Vaults:2)
  2 orc knights (Vaults:3)
  2 ugly things (Vaults:1)
  A vault sentinel (Vaults:2)
  2 ice devils (IceCv)
  3 hornets (Swamp:4)
  2 vampire mosquitoes (Swamp:1)
  A death yak simulacrum (IceCv)
  A swamp worm (Swamp:4)
  A swamp drake (Swamp:4)
41 creatures vanquished.

Vanquished Creatures (others)
  An orc knight (Vaults:3)
  2 orb spiders (Spider:2)
  A rime drake (Lair:5)
  2 bloated husks (Swamp:2)
  3 humans (Swamp:2)
  A redback (Spider:2)
  4 foxfires
  71 fungi
  153 plants
238 creatures vanquished.

Grand Total: 1462 creatures vanquished

Notes
Turn   | Place    | Note
-------+----------+-------------------------------------------
     0 | D:1      | ketsa the Palentonga Berserker began the quest for the Orb.
     0 | D:1      | Reached XP level 1. HP: 19/19 MP: 1/1
   184 | D:1      | Found Viraema's Antique Armour Emporium.
   403 | D:1      | Reached XP level 2. HP: 22/25 MP: 2/2
  1478 | D:2      | Reached XP level 3. HP: 31/31 MP: 3/3
  1509 | D:2      | Reached ** piety under Trog
  1543 | D:2      | Noticed an ogre
  1549 | D:2      | Killed an ogre
  1550 | D:2      | Reached skill level 4 in Axes
  1550 | D:2      | Reached XP level 4. HP: 37/37 MP: 4/4
  1679 | D:2      | Reached XP level 5. HP: 38/43 MP: 5/5
  1683 | D:2      | Reached skill level 5 in Axes
  1817 | D:2      | Found a glowing golden altar of the Shining One.
  2161 | D:3      | Noticed Natasha
  2164 | D:3      | Killed Natasha
  2211 | D:3      | Found Gixt's General Store.
  2568 | D:3      | Found a shimmering blue altar of Sif Muna.
  2712 | D:3      | Noticed Natasha
  2757 | D:3      | Found a glowing silver altar of Zin.
  3022 | D:3      | Killed Natasha
  3070 | D:3      | Noticed Natasha
  3085 | D:3      | Killed Natasha
  3378 | D:4      | Reached XP level 6. HP: 50/50 MP: 6/6
  3487 | D:4      | Found a one-way gate to the infinite horrors of the Abyss.
  3520 | D:4      | Found a large runed translucent door.
  3520 | D:4      | Found a large runed translucent door.
  3520 | D:4      | Found a corrupted altar of Lugonu.
  3525 | D:4      | Reached *** piety under Trog
  3773 | D:4      | Reached skill level 6 in Axes
  3773 | D:4      | Reached skill level 1 in Shields
  5100 | D:4      | Found a blossoming altar of Fedhas.
  5232 | D:5      | Entered Level 5 of the Dungeon
  5302 | D:5      | Gained mutation: You curl defensively after being hit.
                  | [Palentonga growth]
  5302 | D:5      | Reached XP level 7. HP: 55/55 MP: 7/7
  5612 | D:5      | Noticed Menkaure
  5620 | D:5      | Killed Menkaure
  5621 | D:5      | Reached skill level 7 in Axes
  5622 | D:5      | Found a glowing drain.
  5632 | Sewer    | Entered a sewer
  5876 | Sewer    | Reached **** piety under Trog
  6259 | D:5      | Found an ancient bone altar of Kikubaaqudgha.
  6431 | D:5      | Reached skill level 1 in Maces & Flails
  6431 | D:5      | Reached XP level 8. HP: 61/62 MP: 8/8
  6736 | D:5      | Noticed Prince Ribbit
  6753 | D:5      | Killed Prince Ribbit
  7002 | D:5      | Found a hazy altar of Hepliaklqana.
  7038 | D:5      | Noticed Dowan
  7039 | D:5      | Noticed Duvessa
  7045 | D:5      | Killed Duvessa
  7048 | D:5      | Killed Dowan
  7284 | D:6      | Reached skill level 8 in Axes
  7425 | D:6      | Reached skill level 5 in Armour
  7585 | D:6      | Reached XP level 9. HP: 67/67 MP: 9/9
  8742 | D:6      | Found an iron altar of Okawaru.
  8855 | D:7      | Reached skill level 9 in Axes
  8855 | D:7      | Reached skill level 5 in Maces & Flails
  8951 | D:7      | Found a staircase to the Ecumenical Temple.
  9069 | Temple   | Entered the Ecumenical Temple
  9235 | D:7      | Found a snail-covered altar of Cheibriados.
  9337 | D:7      | Noticed Joseph
  9373 | D:7      | Killed Joseph
  9459 | D:7      | Noticed a two-headed ogre
  9472 | D:7      | Killed a two-headed ogre
  9473 | D:7      | Reached skill level 5 in Dodging
  9473 | D:7      | Reached XP level 10. HP: 74/74 MP: 10/10
  9752 | D:7      | Reached skill level 10 in Axes
 10112 | D:8      | Reached ***** piety under Trog
 10249 | D:8      | Found a burning altar of Makhleb.
 10713 | D:8      | Noticed Maggie
 10713 | D:8      | Noticed Harold
 10734 | D:8      | Killed Maggie
 10753 | D:8      | Killed Harold
 10969 | D:9      | Reached skill level 11 in Axes
 11241 | D:9      | Found a staircase to the Orcish Mines.
 11322 | D:9      | Found a sparkling altar of Nemelex Xobeh.
 11326 | D:9      | Found a white marble altar of Elyvilon.
 11553 | D:9      | Received a gift from Trog
 11655 | D:9      | Found a glowing golden altar of the Shining One.
 12308 | D:10     | Entered Level 10 of the Dungeon
 12320 | D:10     | Reached XP level 11. HP: 76/80 MP: 11/11
 12329 | D:10     | Reached skill level 1 in Evocations
 12975 | D:10     | Found a staircase to the Lair.
 13271 | D:10     | Found a shimmering altar of Xom.
 13309 | D:10     | Reached skill level 12 in Axes
 13525 | D:10     | Noticed a two-headed ogre
 13527 | D:10     | Killed a two-headed ogre
 13634 | D:10     | Noticed a two-headed ogre
 13649 | D:10     | Killed a two-headed ogre
 13962 | D:10     | Found an ornate altar of the Wu Jian Council.
 14445 | Lair:1   | Entered Level 1 of the Lair of Beasts
 14859 | Lair:1   | Noticed an eight-headed hydra
 14876 | Lair:1   | Killed an eight-headed hydra
 15000 | Lair:1   | Reached skill level 13 in Axes
 15206 | Lair:1   | Reached XP level 12. HP: 71/86 MP: 12/12
 15741 | Lair:1   | Reached skill level 5 in Evocations
 16195 | Lair:1   | Received a gift from Trog
 16518 | Lair:2   | Noticed a death yak
 16518 | Lair:2   | Noticed a death yak
 16519 | Lair:2   | Noticed a death yak
 16519 | Lair:2   | Noticed a death yak
 16519 | Lair:2   | Noticed a death yak
 16744 | Lair:2   | Identified 3 scrolls of acquirement
 16747 | Lair:2   | Acquired the amulet of Zevemol {Faith rCorr Dex+3}
 16759 | Lair:2   | Acquired a manual of Armour
 16761 | Lair:2   | Acquired a scarf of resistance
 17393 | Lair:1   | Killed a death yak
 17505 | Lair:2   | Noticed an eight-headed hydra
 17514 | Lair:2   | Killed an eight-headed hydra
 17927 | Lair:2   | Noticed a death yak
 17959 | Lair:1   | Killed a death yak
 17960 | Lair:1   | Reached skill level 5 in Fighting
 17960 | Lair:1   | Reached skill level 14 in Axes
 18005 | Lair:1   | Killed a death yak
 18006 | Lair:1   | Reached skill level 10 in Armour
 18028 | Lair:2   | Killed a death yak
 18049 | Lair:2   | Killed a death yak
 18051 | Lair:2   | Killed a death yak
 18429 | Lair:3   | Noticed a four-headed hydra
 18444 | Lair:2   | Killed a four-headed hydra
 18884 | Lair:2   | Reached XP level 13. HP: 99/99 MP: 13/13
 19530 | Lair:3   | Found a staircase to the Swamp.
 19537 | Swamp:1  | Entered Level 1 of the Swamp
 20448 | Lair:3   | Received a gift from Trog
 20673 | Lair:4   | Found a gate leading to a gauntlet.
 20700 | Lair:4   | Found a hole to the Spider Nest.
 20713 | Gauntlet | Entered a Gauntlet
 20713 | Gauntlet | Found a transporter.
 20713 | Gauntlet | Found a transporter.
 20713 | Gauntlet | Found a runed translucent door.
 20719 | Gauntlet | Found a runed translucent door.
 20728 | Gauntlet | Found a transporter.
 20777 | Gauntlet | Found a transporter.
 20777 | Gauntlet | Found a transporter.
 20787 | Gauntlet | Found a transporter.
 20800 | Gauntlet | Noticed a quicksilver ooze
 20800 | Gauntlet | Found a transporter.
 20800 | Gauntlet | Found a transporter.
 20804 | Gauntlet | Found a transporter.
 20811 | Gauntlet | Killed a quicksilver ooze
 20812 | Gauntlet | Identified the amulet of Cyzic {RegenMP Int+2}
 20973 | Gauntlet | Found a transporter.
 21036 | Gauntlet | Found a transporter.
 21039 | Gauntlet | Identified the +2 pair of gloves of Space {rC- Will+++
                  | Int-3 SInv}
 21049 | Gauntlet | Reached skill level 15 in Axes
 21049 | Gauntlet | Found a transporter.
 21073 | Gauntlet | Gained mutation: You are partially covered in iridescent
                  | scales. (AC +2) [potion of mutation]
 21073 | Gauntlet | Gained mutation: You passively dampen the noise of your
                  | surroundings. [potion of mutation]
 21100 | Gauntlet | Identified the +9 bardiche of Keubramp {freeze, SInv}
 21100 | Gauntlet | Noticed a minotaur
 21107 | Gauntlet | Killed a minotaur
 21324 | Gauntlet | Identified the amulet "Sule" {Spirit Str+5 Slay+2}
 21324 | Gauntlet | Identified the +5 robe of Dyspraxia {+Inv}
 21460 | Spider:1 | Entered Level 1 of the Spider Nest
 22479 | Lair:5   | Found a runed translucent gate.
 22480 | Lair:5   | Found a runed translucent gate.
 22481 | Lair:5   | Found a runed translucent gate.
 22551 | Lair:5   | Noticed Thalamas's ghost (journeyman MiBe)
 22968 | D:11     | Found a bloodstained altar of Trog.
 23532 | D:12     | Found a frozen archway.
 23538 | D:12     | Reached XP level 14. HP: 104/115 MP: 14/14
 23547 | IceCv    | Entered an ice cave
 23780 | IceCv    | Found an ancient bone altar of Kikubaaqudgha.
 24442 | IceCv    | Received a gift from Trog
 25955 | D:13     | Found Kiompeaf's Weapon Boutique.
 26078 | Orc:1    | Entered Level 1 of the Orcish Mines
 26091 | Orc:1    | Received a gift from Trog
 26601 | Orc:2    | Entered Level 2 of the Orcish Mines
 26782 | Orc:2    | Found Oguj's Distillery.
 26790 | Orc:2    | Bought a potion of heal wounds for 80 gold pieces
 27142 | Orc:2    | Found a staircase to the Elven Halls.
 27167 | Orc:2    | Found Bilinu's Self-Improvement Boutique.
 27173 | Elf:1    | Entered Level 1 of the Elven Halls
 27662 | Orc:2    | Received a gift from Trog
 27835 | Orc:2    | Reached skill level 16 in Axes
 27968 | Orc:2    | Found Hoamafy's Armour Shoppe.
 27968 | Orc:2    | Found Socec's General Store.
 28045 | Orc:2    | Reached skill level 10 in Fighting
 28439 | Orc:2    | Found Cocaeps's Antique Weapon Shoppe.
 28439 | Orc:2    | Found Oleqit's Magic Scroll Boutique.
 28449 | Orc:2    | Bought a scroll of teleportation for 45 gold pieces
 28585 | Orc:2    | Bought a scroll of enchant weapon for 112 gold pieces
 28585 | Orc:2    | Bought a scroll of enchant armour for 112 gold pieces
 29068 | D:13     | Found Jeeh's Magic Scroll Shoppe.
 29074 | D:13     | Reached skill level 1 in Throwing
 29080 | D:13     | Found Idwauh's Distillery.
 29096 | D:13     | Bought a scroll of blinking for 90 gold pieces
 29108 | D:13     | Bought a potion of heal wounds for 75 gold pieces
 29108 | D:13     | Bought a potion of curing for 45 gold pieces
 29108 | D:13     | Bought a potion of heal wounds for 75 gold pieces
 29234 | D:13     | Found Lololemm's Magic Scroll Emporium.
 29385 | D:13     | Bought a scroll of teleportation for 45 gold pieces
 29385 | D:13     | Bought a scroll of teleportation for 45 gold pieces
 29806 | D:13     | Found Hemoluse's Assorted Antiques.
 30418 | D:13     | Reached XP level 15. HP: 107/123 MP: 15/15
 31180 | D:13     | Found a gate to the Vaults.
 31400 | D:13     | Identified the +5 arbalest of Purpose {penet, *Corrode
                  | Will++ Dex+2}
 31833 | D:13     | Reached ****** piety under Trog
 32647 | Lair:5   | Killed Thalamas's ghost
 32819 | Lair:5   | Identified the ring of Riuf {Fire Str-4 Dex+5}
 33208 | Lair:5   | Found a viscous altar of Jiyva.
 33209 | Lair:5   | Found a staircase to the Slime Pits.
 34211 | Lair:6   | Entered Level 6 of the Lair of Beasts
 34527 | Lair:6   | Reached skill level 17 in Axes
 35039 | Lair:6   | Found a snail-covered altar of Cheibriados.
 35142 | Lair:6   | Identified the +6 dire flail of Conscience {flame, rN+
                  | Stlth+} (Trog gifted it to you on level 6 of the Lair of
                  | Beasts)
 35142 | Lair:6   | Received a gift from Trog
 35324 | Lair:6   | Found a blossoming altar of Fedhas.
 35765 | Lair:6   | Identified the +6 hand axe "Pamnocy" {pain, rC+ Dex+4}
 36144 | Slime:1  | Entered Level 1 of the Pits of Slime
 37121 | Swamp:1  | Reached XP level 16. HP: 133/133 MP: 16/16
 38076 | Swamp:1  | Received a gift from Trog
 38436 | Swamp:2  | Noticed Kirke
 38462 | Swamp:2  | Killed Kirke
 40601 | Swamp:3  | Reached skill level 5 in Throwing
 40827 | Swamp:4  | Entered Level 4 of the Swamp
 41521 | Swamp:4  | Paralysed by a hornet for 1 turns
 42132 | Swamp:4  | Received a gift from Trog
 42137 | Swamp:4  | HP: 2/135 [alligator (5)]
 42802 | Swamp:4  | Acquired a +2 barding of fire resistance
 42862 | Swamp:4  | Got the Collected Works on Cold and the Escort
 43799 | Swamp:4  | Noticed a thorn hunter
 43812 | Swamp:4  | Killed a thorn hunter
 43817 | Swamp:4  | Reached XP level 17. HP: 136/144 MP: 17/17
 43834 | Swamp:4  | Got a decaying rune of Zot
 44853 | Spider:1 | Received a gift from Trog
 45184 | Spider:1 | Reached skill level 10 in Dodging
 46267 | Spider:2 | Noticed Nikola
 46873 | D:14     | Found a portal to a secret trove of treasure.
 46927 | D:14     | Found a white marble altar of Elyvilon.
 46972 | D:15     | Entered Level 15 of the Dungeon
 47123 | D:14     | Reached skill level 15 in Armour
 47372 | D:14     | Noticed Josephine
 47379 | D:14     | Killed Josephine
 48109 | D:15     | Found a blossoming altar of Fedhas.
 48121 | D:15     | Found a staircase to the Depths.
 48366 | Depths:1 | Entered Level 1 of the Depths
 49574 | Vaults:1 | Entered Level 1 of the Vaults
 50252 | Vaults:1 | Found a large runed translucent door.
 50252 | Vaults:1 | Found a large runed translucent door.
 50252 | Vaults:1 | Found a large runed translucent door.
 50252 | Vaults:1 | Found a large runed translucent door.
 50252 | Vaults:1 | Found a large runed translucent door.
 50252 | Vaults:1 | Found a large runed translucent door.
 50252 | Vaults:1 | Found a large runed translucent door.
 50252 | Vaults:1 | Found a large runed translucent door.
 50252 | Vaults:1 | Noticed Lolleill's ghost (adept DgTm)
 50261 | Vaults:1 | Found Qioh's Antique Armour Emporium.
 51347 | Vaults:1 | Received a gift from Trog
 51360 | Vaults:1 | Reached XP level 18. HP: 141/155 MP: 18/18
 52578 | Vaults:2 | Noticed Boris
 52591 | Vaults:2 | Killed Boris
 52809 | Vaults:2 | Acquired the +2 barding of the Vaults {rElec Regen+ MP+9
                  | Dex+4}
 53153 | Vaults:2 | Noticed Bai Suzhen
 53166 | Vaults:2 | Killed Bai Suzhen
 53329 | Vaults:2 | Found a large runed translucent door.
 53329 | Vaults:2 | Found a large runed translucent door.
 53329 | Vaults:2 | Found a large runed translucent door.
 53329 | Vaults:2 | Found a large runed translucent door.
 53329 | Vaults:2 | Found a large runed translucent door.
 53329 | Vaults:2 | Found a large runed translucent door.
 53329 | Vaults:2 | Noticed casual's ghost (veteran MiMo)
 53331 | Vaults:2 | Found a large runed translucent door.
 53331 | Vaults:2 | Found a large runed translucent door.
 53410 | Vaults:2 | Found a staircase to the Crypt.
 53413 | Crypt:1  | Entered Level 1 of the Crypt
 53484 | Vaults:2 | Received a gift from Trog
 54408 | Vaults:2 | Reached XP level 19. HP: 94/162 MP: 19/19
 54924 | Vaults:3 | Reached skill level 10 in Evocations
 55119 | Vaults:3 | Received a gift from Trog
 55146 | Vaults:3 | Identified the +6 hand crossbow "Xibuz" {venom, Drain rN+
                  | Will+++ Dex-4}
 56152 | Vaults:3 | Received a gift from Trog
 56169 | Vaults:3 | HP: 8/243 [ironbound frostheart (28)]
 56169 | Vaults:3 | Slain by an ironbound frostheart

Illustrated notes

Levels and vault maps discovered:
D:1:      giann_forest_graveyard, layout_basic, serial_shops,
          nicolae_diamond_shop, minmay_misc_feat_encased
D:2:      layout_basic, basic_altar
D:3:      layout_rooms, mainiacjoe_overflow_catwalk,
          mainiacjoe_overflow_brackets, serial_shops, shop_statue, uniq_natasha
D:4:      due_chaos_kobolds, layout_basic, mainiacjoe_overflow_alcove_1,
          serial_rivers, chequers_serial_rivers_small_a,
          chequers_serial_rivers_micro_d, chequers_serial_rivers_marsh,
          chequers_serial_rivers_small_3
D:5:      layout_basic, nicolae_kikubaaqudgha_miasma_corner,
          nzn_hepliaklqana_mist_gate, cheibrodos_sewer_entry_bend, uniq_duvessa,
          uniq_prince_ribbit1, uniq_menkaure
D:6:      layout_basic, mainiacjoe_overflow_boulevard,
          kennysheep_generic_room_11
D:7:      layout_loops_ring, cheibriados_altar_1,
          minmay_temple_entry_stoned_glass, nicolae_sextant, uniq_joseph
D:8:      layout_gridville, bloody_makhleb, uniq_harold, uniq_maggie
D:9:      layout_basic, mainiacjoe_overflow_chevrons,
          grunt_temple_overflow_open, david_orc_3
D:10:     wad_woods_structure_01, layout_long_grid,
          mainiacjoe_overflow_tiny_flanked, nzn_wu_jian_council_hall,
          david_lair_shrubbed
D:11:     layout_roguey, trog_butcher_becter
D:12:     layout_rooms, portal_ice_cave_demonic_guard
D:13:     layout_basic, hangedman_vaults_entry_quadrant_bands, serial_shops,
          nicolae_shop_competitors_out_of_business, shop, shop,
          nicolae_shop_stone, shop, minmay_pinched_square
D:14:     nrook_guardian_serpent_snake_passage, layout_basic, elyvilon_altar_3,
          enter_trove_6, uniq_josephine
D:15:     grunt_enter_depths_giant_problem, layout_stronghold,
          minmay_misc_feat_hallway, fedhas_altar_3
Temple:   jpeg_temple_island
Lair:1:   layout_loops_ring, grunt_megastairs_4
Lair:2:   layout_loops_ring
Lair:3:   layout_regular_city, skrybe_swamp_entry_bodies, forest_entry_grove,
          serial_bayou_shore_b, minmay_lair_oklob_chamber
Lair:4:   layout_hall_layers, spider_nest_entry_webs, gauntlet_entry_generic,
          grunt_megastairs_1
Lair:5:   layout_cave_pods, slime_altar_1, gammafunk_ghost_icy
Lair:6:   gammafunk_lair_ancient_temple, layout_long_grid, basic_altar,
          kennysheep_snail_temple
Swamp:1:  layout_falls_marsh, serial_swamp_ruin, evilmike_swamp_ruin_rubble_1,
          evilmike_swamp_ruin_house_5, evilmike_swamp_ruin_rubble_2
Swamp:2:  layout_falls_marsh, evilmike_swamp_ruin_house_4, uniq_kirke
Swamp:3:  layout_falls_marsh, evilmike_swamp_ruin_house_1, swamp_pool1,
          nicolae_swamp_bloodsuckers_inc, infiniplex_staircase_pool
Swamp:4:  swamp_basic_johnstein, layout_basic_swamp, swamp_pool1
Spider:1: layout_chambers, nicolae_spider_nook
Spider:2: layout_spider_delve, uniq_nikola
Slime:1:  layout_caves, cheibrodos_slime_lost_civilization_4
Orc:1:    layout_caves
Orc:2:    st_orc_town, layout_caves, serial_shops, shop, nicolae_shop_self_help
Elf:1:    nicolae_elf_arrival_fired_up, layout_loops_cross,
          hangedman_elf_disciples, lemuel_upstairs_altar
Vaults:1: advil_vaults_ghost_lines, v_misc_8, v_alt_pattern_6,
          hangedman_vaults_stagger, nicolae_vaults_little_squares_5,
          vaults_room_fancy_cross, nicolae_vaults_ring_of_whatevers,
          nicolae_vaults_ring_of_whatevers, vaults_room_pool,
          layout_vaults_omnigrid, serial_shops, shop
Vaults:2: advil_vaults_ghost_lines, minmay_crypt_entry_simple_box, st_lattice,
          vaults_room_hallway, hangedman_vaults_locks, ontoclasm_vaults_spin,
          v_pattern_5, nicolae_vaults_little_ls, grunt_vaults_hallway_short,
          vaults_dpeg_hooks, nicolae_vaults_mini_display_case, v_alt_pattern_5,
          nicolae_vaults_border_crossing, vaults_mumra_chevron_long,
          layout_vaults_omnicross, uniq_bai_suzhen, uniq_boris
Vaults:3: v_misc_12, v_misc_5, vaults_room_boxed, ontoclasm_vaults_tryst,
          ontoclasm_vaults_ligature, nicolae_vaults_little_squares_3,
          hangedman_vaults_river_flow, st_greater_box_1, hangedman_vaults_slice,
          v_alt_pattern_1, vaults_dpeg_ring, hangedman_vaults_slither,
          vaults_room_door_ring, vaults_room_stairs_pillars,
          layout_vaults_omnibox
Crypt:1:  gammafunk_crypt_yreds_forest, layout_basic, grunt_crypt_arrival_webbed
Depths:1: layout_gridlike, grunt_metal_band, serial_bayou_pond_e,
          minmay_librarian, roderic_lattice_octagonal_star

Skill      XL: |  1  2  3  4  5  6  7  8  9 10 11 12 13 14 15 16 17 18 19 |
---------------+----------------------------------------------------------+-----
Armour         | 2 3 4 5 6 7 8 10 12 13 14 15 16 | 16.8
Axes           | 4 5 6 7 8 9 11 13 14 15 16 17 | 17.9
Shields        | 1 2 3 |  3.7
Maces & Flails | 1 3 5 |  5.9
Dodging        | 2 3 5 6 7 8 9 11 12 13 | 13.0
Evocations     | 4 5 6 7 9 10 | 10.4
Fighting       | 6 9 10 11 12 13 14 | 14.0
Throwing       | 1 4 6 |  6.0

Action                   |  1- 3 |  4- 6 |  7- 9 | 10-12 | 13-15 | 16-18 | 19-21 || total
-------------------------+-------+-------+-------+-------+-------+-------+-------++-------
Melee: Hand axe          |    83 |   217 |    92 |       |       |       |       ||   392
       Tailslap          |     9 |    26 |    41 |   113 |   269 |   220 |    72 ||   750
       Unarmed           |       |    11 |       |       |       |       |       ||    11
       Mace              |       |       |   226 |   222 |    39 |    17 |       ||   504
       Broad axe         |       |       |       |   353 |  1347 |    44 |       ||  1744
       Battleaxe         |       |       |       |       |       |   948 |   248 ||  1196
Throw: Boomerang         |       |       |     4 |     1 |    10 |    13 |       ||    28
Invok: Berserk           |     1 |     9 |     8 |     9 |    21 |    10 |     4 ||    62
       Trog's Hand       |       |       |     3 |     3 |    10 |    15 |     2 ||    33
       Brothers in Arms  |       |       |       |     1 |     5 |    14 |     2 ||    22
 Abil: Rolling Charge    |       |     5 |     2 |    22 |    44 |    88 |    10 ||   171
Evoke: Wand              |       |     1 |     1 |     2 |     1 |     1 |     9 ||    15
       Condenser vane    |       |       |       |       |       |     3 |     1 ||     4
  Use: Scroll            |       |     3 |     1 |    19 |    11 |     8 |     1 ||    43
       Potion            |       |       |       |     4 |     4 |     4 |     2 ||    14
 Stab: Sleeping          |     1 |       |     1 |       |       |       |       ||     2
       Distracted        |       |       |       |       |       |     3 |       ||     3
Armor: Animal skin       |    40 |    81 |    48 |       |       |       |       ||   169
       Skin              |       |     1 |       |       |       |       |       ||     1
       Scale mail        |       |       |    81 |   172 |   157 |       |       ||   410
       Swamp dragon scal |       |       |       |    73 |   440 |   664 |   141 ||  1318
Dodge: Dodged            |    39 |    90 |   111 |   184 |   434 |   537 |   140 ||  1535
Block: Buckler           |       |       |    57 |   145 |   358 |    20 |       ||   580
